[Event "Titled Tuesday Blitz March 08 Early 2022"]
[White "Lopez Del Alamo, Antonio"]
[Black "Brodowski, Piotr"]
[WhiteFideId "2227339"]
[BlackFideId "1124480"]
[WhiteElo "2082"]
[BlackElo "2422"]
[Result "0-1"]
[Round "04"]
[TimeControl "180+1"]
[Date "2022.03.09"]
[WhiteClock "0:00:15"]
[BlackClock "0:00:18"]

1. e4 c5 2. Nf3 Nc6 3. Bb5 g6 4. Bxc6 dxc6 5. d3 Bg7 6. h3 Nf6 7. O-O O-O 8. Nc3 h6 9. Be3 b6 10. Qd2 Kh7 11. Nh2 e5 12. f4 exf4 13. Bxf4 Nh5 14. Be3 Be6 15. Rf3 Nf6 16. Raf1 Nd7 17. R3f2 Ne5 18. Nf3 Nxf3+ 19. Rxf3 Qd7 20. b3 Rad8 21. Ne2 f5 22. Ng3 fxe4 23. Nxe4 Rxf3 24. Rxf3 Qe7 25. Bf4 Bd5 26. Re3 Bd4 27. c3 Bxe3+ 28. Qxe3 Bxe4 29. dxe4 Re8 30. e5 Qe6 31. c4 g5 32. Bg3 Rd8 33. Qe4+ Qg6 34. Qg4 h5 35. Qe2 h4 36. Bf2 Re8 37. Qg4 Kh6 38. Be3 Rxe5 39. Qxh4+ Kg7 40. Qf2 Qb1+ 41. Kh2 Qf5 42. Bd2 Qxf2 0-1


[Site "https://www.chess.com"]

[Event "Titled Tuesday Blitz March 08 Early 2022"]
[White "Lou, Yiping"]
[Black "Coto Mederos, Michel"]
[WhiteFideId "8603928"]
[BlackFideId "3508528"]
[WhiteElo "2412"]
[BlackElo "2427"]
[Result "1-0"]
[Round "04"]
[TimeControl "180+1"]
[Date "2022.03.09"]
[WhiteClock "0:01:55"]
[BlackClock "0:00:12"]

1. e4 e5 2. Nf3 Nc6 3. Bb5 a6 4. Ba4 Nf6 5. O-O b5 6. Bb3 Bc5 7. c3 d6 8. d4 Bb6 9. a4 Rb8 10. a5 Ba7 11. h3 h6 12. Be3 exd4 13. cxd4 O-O 14. Nc3 Nb4 15. e5 Nh7 16. Qd2 Bb7 17. e6 fxe6 18. Bxe6+ Kh8 19. d5 Bxe3 20. fxe3 Ng5 21. Nxg5 Qxg5 22. Ne4 Qh4 23. Qxb4 c5 24. dxc6 Bxc6 25. Rxf8+ Rxf8 26. Qxd6 1-0


[Site "https://www.chess.com"]

[Event "Titled Tuesday Blitz March 08 Early 2022"]
[White "Majella, Rudijanto"]
[Black "Rozhkov, Viacheslav"]
[WhiteFideId "7100680"]
[BlackFideId "4181484"]
[WhiteElo "2252"]
[BlackElo "2324"]
[Result "1-0"]
[Round "04"]
[TimeControl "180+1"]
[Date "2022.03.09"]
[WhiteClock "0:00:24"]
[BlackClock "0:00:37"]

1. e4 c5 2. c3 Nf6 3. e5 Nd5 4. d4 cxd4 5. cxd4 d6 6. exd6 Qxd6 7. Nf3 Nc6 8. Nc3 g6 9. Bc4 Nb6 10. Bb3 Bg7 11. Be3 O-O 12. h3 Na5 13. O-O Nxb3 14. Qxb3 Be6 15. Qd1 Nc4 16. b3 Nxe3 17. fxe3 Rac8 18. Rc1 Bh6 19. Qe2 a6 20. Ne4 Qd5 21. Nc5 Qh5 22. Nxe6 fxe6 23. b4 Qd5 24. Rc5 Qe4 25. Re5 Qc6 26. Ng5 Bxg5 27. Rxg5 Qc2 28. Rxf8+ Kxf8 29. Qf3+ Kg7 30. Rc5 Rf8 31. Qxf8+ 1-0


[Site "https://www.chess.com"]

[Event "Titled Tuesday Blitz March 08 Early 2022"]
[White "Manukian, Artak"]
[Black "Zanette, Edgard Vinicius"]
[WhiteFideId "13301373"]
[BlackFideId "2109263"]
[WhiteElo "2511"]
[BlackElo "2182"]
[Result "0-1"]
[Round "04"]
[TimeControl "180+1"]
[Date "2022.03.09"]
[WhiteClock "0:00:01"]
[BlackClock "0:00:20"]

1. e4 e5 2. Nf3 Nc6 3. d4 exd4 4. Nxd4 Bc5 5. Nxc6 Qf6 6. Qf3 dxc6 7. Bc4 Qxf3 8. gxf3 Ne7 9. h4 Ng6 10. h5 Ne5 11. Be2 h6 12. Rg1 Kf8 13. f4 Nd7 14. e5 Nb6 15. Nd2 Bf5 16. Nb3 Be7 17. Na5 Rb8 18. c3 Nd5 19. Be3 Nxe3 20. fxe3 Bh4+ 21. Kf1 Bh3+ 22. Rg2 g5 23. hxg6 Rg8 24. Bh5 fxg6 25. Bf3 g5 26. f5 g4 27. Be4 Bg5 28. Ke2 Bxg2 29. Bxg2 h5 30. f6 h4 31. Rd1 h3 32. Be4 g3 33. Kf3 g2 34. Rg1 h2 35. Kxg2 hxg1=Q+ 36. Kxg1 Bxf6+ 37. Kf1 Bxe5 38. Ke2 Rg4 39. Kf3 Rxe4 40. Kxe4 Bg7 41. Kf5 Ke7 42. e4 Kd7 43. e5 Re8 44. Nxb7 Rxe5+ 45. Kg6 Bf8 46. b4 Rb5 47. Kf7 Rxb7 0-1


[Site "https://www.chess.com"]

[Event "Titled Tuesday Blitz March 08 Early 2022"]
[White "Marson, Juan Miguel"]
[Black "Polster, Christian"]
[WhiteFideId "106585"]
[BlackFideId "12965081"]
[WhiteElo "2053"]
[BlackElo "2285"]
[Result "1-0"]
[Round "04"]
[TimeControl "180+1"]
[Date "2022.03.09"]
[WhiteClock "0:00:07"]
[BlackClock "0:00:13"]

1. e4 c5 2. c3 Nf6 3. e5 Nd5 4. Nf3 Nc6 5. Bc4 Nb6 6. Bb3 c4 7. Bc2 d6 8. Qe2 Bg4 9. exd6 Qxd6 10. Na3 Qe6 11. Qxe6 Bxe6 12. Nb5 O-O-O 13. Nfd4 Nxd4 14. Nxd4 Bd5 15. O-O e5 16. Nf5 f6 17. Ne3 Bc6 18. a4 a5 19. b3 cxb3 20. Bxb3 Bc5 21. Nf5 g6 22. Nh6 Rhf8 23. Rd1 Kc7 24. Bb2 Rd7 25. d4 exd4 26. cxd4 Bb4 27. Rac1 f5 28. d5 Rfd8 29. dxc6 Rxd1+ 30. Rxd1 Rxd1+ 31. Bxd1 bxc6 32. Ng8 c5 33. Nf6 c4 34. Nxh7 c3 35. Bc1 Nc4 36. Nf8 Ba3 37. Bf4+ Kc6 38. Nxg6 Bd6 39. Bxd6 Kxd6 40. Bc2 Na3 41. Bxf5 c2 42. Bxc2 Nxc2 43. h4 Kc5 44. h5 Nd4 45. h6 Ne2+ 46. Kf1 Nf4 47. Nxf4 Kc4 48. h7 Kb4 49. h8=Q Kxa4 50. Qd4+ Kb3 51. Qe3+ 1-0


[Site "https://www.chess.com"]

[Event "Titled Tuesday Blitz March 08 Early 2022"]
[White "Martin Duque, Jesus"]
[Black "Vakhlamov, Igor L."]
[WhiteFideId "2208954"]
[BlackFideId "24126748"]
[WhiteElo "2243"]
[BlackElo "2401"]
[Result "0-1"]
[Round "04"]
[TimeControl "180+1"]
[Date "2022.03.09"]
[WhiteClock "0:01:15"]
[BlackClock "0:00:28"]

1. Nf3 Nf6 2. b3 d6 3. d4 Bf5 4. Bb2 Nc6 5. e3 e5 6. Bb5 exd4 7. Nxd4 Bd7 8. O-O Be7 9. Nc3 O-O 10. Bxc6 bxc6 11. e4 c5 12. Nde2 Re8 13. Ng3 Bf8 14. Qd3 Ng4 15. f4 Bc6 16. h3 Nf6 17. Rae1 a5 18. a4 Nd7 19. Nd5 Nb6 20. Nh5 Bxd5 21. exd5 Qh4 22. Ng3 Rxe1 23. Rxe1 Qxf4 24. c4 Nd7 25. Rf1 Qg5 26. Rf5 Qg6 27. h4 Re8 28. h5 Qg4 29. Kf2 g6 30. Rf3 Ne5 31. Bxe5 Rxe5 32. Qc3 Bh6 33. hxg6 hxg6 34. Nf1 Bg5 35. Qb2 Qe4 36. Ng3 Qe1# 0-1


[Site "https://www.chess.com"]

[Event "Titled Tuesday Blitz March 08 Early 2022"]
[White "Matinian, Nikita"]
[Black "Mikhalsky, Vladimir"]
[WhiteFideId "24129100"]
[BlackFideId "14144352"]
[WhiteElo "2422"]
[BlackElo "2301"]
[Result "1-0"]
[Round "04"]
[TimeControl "180+1"]
[Date "2022.03.09"]
[WhiteClock "0:00:03"]
[BlackClock "0:00:07"]

1. e4 g6 2. d4 Bg7 3. Nc3 d6 4. f4 Nf6 5. Nf3 O-O 6. e5 Nfd7 7. Bc4 Nb6 8. Bb3 c5 9. dxc5 dxc5 10. Qe2 Bg4 11. Be3 c4 12. Bxc4 Nxc4 13. Qxc4 Bxf3 14. gxf3 Nc6 15. h4 h5 16. Qe4 e6 17. Rh2 a6 18. a3 Rc8 19. Bc5 Re8 20. Bd6 Na5 21. O-O-O Qb6 22. Rd4 Rxc3 23. bxc3 Nc6 24. Rd1 Rc8 25. Rg2 Qa5 26. Bb4 Qb5 27. c4 Qa4 28. Bd6 Na5 29. c5 Qxa3+ 30. Kd2 Qa2 31. Ke1 Nc4 32. Qxb7 Nxd6 33. cxd6 Rxc2 34. Rxc2 Qxc2 35. Qe4 Qc3+ 36. Ke2 Qb2+ 37. Rd2 Qb6 38. d7 Qd8 39. Qc6 Bf8 40. Qc8 Be7 41. Rc2 Kf8 42. Qb7 Kg7 43. Qc8 Kf8 44. Rd2 Bxh4 45. Qxa6 Be7 46. Qc8 Kg7 47. Qc6 h4 48. Qe4 h3 49. Kf2 h2 50. Kg2 Qh8 51. Kh1 Qh4 52. Qe2 Qg3 53. Rd1 Qxf4 54. d8=Q Bxd8 55. Rxd8 Qc1+ 56. Rd1 Qf4 57. Qg2 Qxe5 58. Qxh2 Qe3 59. Qg2 Qf4 60. Rf1 Qh4+ 61. Kg1 Qf4 62. Qf2 Qg5+ 63. Qg2 Qe3+ 64. Rf2 Qe1+ 65. Qf1 Qe3 66. Kh1 Qh6+ 67. Rh2 Qf4 68. Qe2 Qg3 69. Qg2 Qf4 70. Qf1 Qg3 71. Qa1+ f6 72. Qd1 g5 73. Qd7+ Kg6 74. Qh7# 1-0


[Site "https://www.chess.com"]

[Event "Titled Tuesday Blitz March 08 Early 2022"]
[White "Matveeva, Olga"]
[Black "Levine, David"]
[WhiteFideId "24107018"]
[BlackFideId "2011611"]
[WhiteElo "2083"]
[BlackElo "2170"]
[Result "0-1"]
[Round "04"]
[TimeControl "180+1"]
[Date "2022.03.09"]
[WhiteClock "0:00:07"]
[BlackClock "0:00:14"]

1. d4 Nf6 2. c4 g6 3. g3 Bg7 4. Bg2 O-O 5. Nc3 d6 6. Nf3 Nbd7 7. O-O e5 8. h3 a6 9. e4 exd4 10. Nxd4 Re8 11. Be3 Rb8 12. Re1 Ne5 13. b3 c5 14. Nde2 b5 15. f4 Ned7 16. Qxd6 b4 17. Na4 Nxe4 18. Qd3 Bb7 19. Rad1 Bc6 20. Bxe4 Rxe4 21. Nxc5 Rxe3 22. Qxe3 Qb6 23. Rxd7 Bxd7 24. Kf2 Re8 25. Ne4 Qxe3+ 26. Kxe3 f5 27. Rd1 Bc6 28. Rd6 Bxe4 29. Kf2 a5 30. Rd7 Bb1 31. Nd4 Bxd4+ 32. Rxd4 Bxa2 33. Rd5 Ra8 34. c5 Bxb3 35. Rd7 Be6 36. Rb7 Rc8 37. Rb5 b3 38. Rxa5 Rb8 39. Ra1 b2 40. Rb1 Ba2 0-1


[Site "https://www.chess.com"]

[Event "Titled Tuesday Blitz March 08 Early 2022"]
[White "Maung, Maung Kyaw Zaw Hein"]
[Black "Kamara, Ansumana"]
[WhiteFideId "13001698"]
[BlackFideId "1622218"]
[WhiteElo "1785"]
[BlackElo "1935"]
[Result "1-0"]
[Round "04"]
[TimeControl "180+1"]
[Date "2022.03.09"]
[WhiteClock "0:02:16"]
[BlackClock "0:01:45"]

1. Nf3 Nf6 2. c4 g6 3. Nc3 Bg7 4. e4 d6 5. d4 O-O 6. Be2 Nc6 7. O-O e5 8. d5 Ne7 9. b4 Nd7 10. a4 f5 11. Nd2 f4 12. Ba3 g5 13. c5 dxc5 14. bxc5 Rf7 15. d6 cxd6 16. cxd6 Ng6 17. Bc4 Nf6 18. Qb3 Qd7 19. Nb5 a6 20. Nc7 Rb8 21. Be6 Qxd6 22. Bxf7+ Kh8 23. Bxd6 Bd7 24. Bxg6 hxg6 25. Nd5 Rd8 26. Be7 Nxd5 27. Qxd5 1-0


[Site "https://www.chess.com"]

[Event "Titled Tuesday Blitz March 08 Early 2022"]
[White "Mekhitarian, Krikor Sevag"]
[Black "Madmaxfury1995"]
[WhiteFideId "2107660"]
[WhiteElo "2598"]
[BlackElo "2586"]
[Result "1-0"]
[Round "04"]
[TimeControl "180+1"]
[Date "2022.03.09"]
[WhiteClock "0:00:15"]
[BlackClock "0:00:13"]

1. e4 d5 2. exd5 Qxd5 3. Nc3 Qd8 4. d4 Nf6 5. Nf3 Bg4 6. h3 Bxf3 7. Qxf3 c6 8. Be3 e6 9. Bd3 Bb4 10. O-O Bxc3 11. bxc3 Nbd7 12. c4 O-O 13. Rab1 Qc8 14. Rfe1 Re8 15. c5 e5 16. Bc4 Qc7 17. c3 b6 18. cxb6 axb6 19. Bg5 h6 20. Bh4 b5 21. Bb3 exd4 22. cxd4 Qb6 23. Rxe8+ Rxe8 24. Rc1 Qxd4 25. Bxf6 Nxf6 26. Qxc6 Qd2 27. Rf1 b4 28. g3 Re1 29. Qc8+ Kh7 30. Qc2+ Qxc2 31. Bxc2+ 1-0


[Site "https://www.chess.com"]

[Event "Titled Tuesday Blitz March 08 Early 2022"]
[White "Michelle Catherina, P"]
[Black "Rodchenkov, Sergey D."]
[WhiteFideId "5005736"]
[BlackFideId "4168712"]
[WhiteElo "2049"]
[BlackElo "2306"]
[Result "0-1"]
[Round "04"]
[TimeControl "180+1"]
[Date "2022.03.09"]
[WhiteClock "0:00:03"]
[BlackClock "0:00:18"]

1. d4 Nf6 2. Nc3 d5 3. Bf4 c5 4. e3 cxd4 5. exd4 Bg4 6. Nf3 Nc6 7. Nb5 Rc8 8. Be2 a6 9. Nc3 e6 10. O-O Bd6 11. Qd2 Qc7 12. Bxd6 Qxd6 13. a3 Bxf3 14. Bxf3 O-O 15. Rfe1 h6 16. Na4 b5 17. Nc3 Qc7 18. Re3 Na5 19. b3 Nb7 20. Rae1 Nd6 21. h4 Nf5 22. Rd3 Nxh4 23. Bd1 Nf5 24. Rh3 Rfd8 25. g4 Ne7 26. g5 hxg5 27. Qxg5 Ng6 28. Bh5 Qf4 29. Qg2 Nxh5 30. Rxh5 Rxc3 0-1


[Site "https://www.chess.com"]

[Event "Titled Tuesday Blitz March 08 Early 2022"]
[White "Mikhnenko, Alexander"]
[Black "Roebers, Jan"]
[WhiteFideId "34143014"]
[BlackFideId "1007815"]
[WhiteElo "2184"]
[BlackElo "2131"]
[Result "1-0"]
[Round "04"]
[TimeControl "180+1"]
[Date "2022.03.09"]
[WhiteClock "0:00:37"]
[BlackClock "0:00:18"]

1. e4 e5 2. Nf3 d6 3. d4 exd4 4. Nxd4 Nf6 5. Nc3 Be7 6. f3 O-O 7. Be3 a6 8. Qd2 c5 9. Nde2 b5 10. O-O-O Be6 11. Kb1 b4 12. Nd5 Bxd5 13. exd5 Nbd7 14. Ng3 Nb6 15. Bg5 Nfxd5 16. Bxe7 Qxe7 17. Bd3 Qe3 18. Be4 Qxd2 19. Rxd2 Nf4 20. Bxa8 Nxa8 21. Rxd6 Nxg2 22. Nf5 g6 23. Ne7+ Kg7 24. h4 h5 25. f4 Re8 26. Nd5 Nxh4 27. b3 Nf5 28. Rxa6 h4 29. Ra7 Rd8 30. Ne7 Nxe7 31. Rxe7 Nb6 32. Rxh4 Nd5 33. Re1 Nc3+ 34. Kb2 Kf6 35. Rh7 Nd1+ 36. Kc1 Nc3 37. f5 gxf5 38. Rh6+ Kg5 39. Rh7 f6 40. Rh2 f4 41. Rf1 f3 42. Rhf2 Kg4 43. Rxf3 Nxa2+ 44. Kb2 Nc3 45. Rxf6 Ra8 46. R6f4+ Kg3 47. R1f3+ Kg2 48. Rxc3 bxc3+ 49. Kxc3 Kg3 50. Rf5 Ra5 51. Kc4 Ra2 52. c3 Kg4 53. Rxc5 Kf4 54. Rd5 Ke4 55. Rd4+ Ke5 56. b4 Ra8 57. b5 Rc8+ 58. Kb4 Rc7 59. Rd1 Ke6 60. c4 Rc8 61. c5 Rh8 62. b6 Rh2 63. Kb5 Rb2+ 64. Kc6 1-0


[Site "https://www.chess.com"]

[Event "Titled Tuesday Blitz March 08 Early 2022"]
[White "Mirzanurov, Bulat"]
[Black "Rangel, Daniel"]
[WhiteFideId "4184521"]
[BlackFideId "2124475"]
[WhiteElo "2116"]
[BlackElo "2225"]
[Result "1-0"]
[Round "04"]
[TimeControl "180+1"]
[Date "2022.03.09"]
[WhiteClock "0:00:18"]
[BlackClock "0:00:09"]

1. e4 c6 2. d4 d5 3. exd5 cxd5 4. Bd3 Nf6 5. h3 g6 6. c3 Bg7 7. Qc2 O-O 8. Nf3 Nc6 9. O-O Qd6 10. Nbd2 e5 11. dxe5 Nxe5 12. Nxe5 Qxe5 13. Nf3 Qh5 14. Qd1 Ne4 15. Nd4 Qh4 16. Nf3 Qh5 17. Nd4 Qe5 18. Nf3 Qe7 19. Bf4 Bf5 20. Nd4 Bd7 21. Re1 Qc5 22. Be3 Qa5 23. Nb3 Qc7 24. Bd4 Bh6 25. Be3 Bg7 26. Bd4 Bh6 27. Be3 Bf4 28. Bxf4 Qxf4 29. Bxe4 dxe4 30. Qxd7 Rad8 31. Qb5 Rd3 32. Nc5 Rd2 33. Nxe4 Rc2 34. Qb3 Rd2 35. Nxd2 Qxd2 36. Rad1 Qg5 37. Qxb7 a5 38. Qd5 Qf4 39. Qe4 Qb8 40. b4 a4 41. Rb1 Qc7 42. b5 Qxc3 43. b6 Rb8 44. b7 h5 45. Qe8+ Rxe8 46. Rxe8+ Kh7 47. b8=Q Qc2 48. Rbe1 Qxa2 49. Rh8+ Kg7 50. Qe5+ f6 51. Qe8 g5 52. Re7+ 1-0


[Site "https://www.chess.com"]

[Event "Titled Tuesday Blitz March 08 Early 2022"]
[White "Mirzoev, Azer"]
[Black "Dushyant Sharma"]
[WhiteFideId "13400304"]
[BlackFideId "25065130"]
[WhiteElo "2525"]
[BlackElo "2105"]
[Result "1/2-1/2"]
[Round "04"]
[TimeControl "180+1"]
[Date "2022.03.09"]
[WhiteClock "0:00:13"]
[BlackClock "0:00:07"]

1. c4 e6 2. Nc3 d5 3. e3 c6 4. Nf3 f5 5. b3 Nf6 6. Bb2 Be7 7. Be2 O-O 8. O-O Nbd7 9. Qc2 b6 10. d3 Bb7 11. e4 Rc8 12. Rad1 c5 13. exd5 exd5 14. d4 dxc4 15. Bxc4+ Kh8 16. Ng5 cxd4 17. Rxd4 Bc5 18. Rdd1 Qe7 19. Ne6 Rfe8 20. Nxc5 Qxc5 21. Qd2 Ne5 22. Be2 Qc6 23. f3 Qc5+ 24. Qd4 Qxd4+ 25. Rxd4 Nc6 26. Rd6 Nb4 27. Rfd1 Nxa2 28. Bc4 Nxc3 29. Bxc3 b5 30. Rxf6 Rxc4 31. bxc4 gxf6 32. Bxf6+ Kg8 33. cxb5 Re6 34. Rd8+ Kf7 35. Rd7+ Kxf6 36. Rxb7 h5 37. Rxa7 Re2 38. Ra6+ Ke5 39. Rh6 Rb2 40. Rxh5 Kf4 41. h3 Rxb5 42. Kh2 Rb2 43. Rh8 Ke3 44. Re8+ Kf2 45. Rc8 f4 46. h4 Kf1 47. Rg8 Kf2 48. Rg5 Ra2 49. h5 Ra6 50. Kh3 Ra1 51. Kh2 Ra6 52. Rg6 Ra5 53. Rh6 Rg5 54. Kh3 Rg3+ 55. Kh4 Rxg2 56. Rg6 Kxf3 57. Rxg2 Kxg2 58. h6 f3 59. h7 f2 60. h8=Q f1=Q 61. Qg7+ Kh1 62. Qg3 Qc4+ 63. Qg4 Qxg4+ 64. Kxg4 1/2-1/2


[Site "https://www.chess.com"]

[Event "Titled Tuesday Blitz March 08 Early 2022"]
[White "Miszler, Levente"]
[Black "Garriga Cazorla, Pere"]
[WhiteFideId "763276"]
[BlackFideId "32011601"]
[WhiteElo "1966"]
[BlackElo "2458"]
[Result "0-1"]
[Round "04"]
[TimeControl "180+1"]
[Date "2022.03.09"]
[WhiteClock "0:00:09"]
[BlackClock "0:00:10"]

1. Nf3 Nf6 2. c4 g6 3. g3 Bg7 4. Bg2 O-O 5. O-O d6 6. Nc3 Nc6 7. Rb1 a5 8. a3 e5 9. d3 Nd4 10. b4 axb4 11. axb4 Nxf3+ 12. Bxf3 Nd7 13. Bb2 f5 14. Ra1 Rxa1 15. Qxa1 h5 16. Qa7 e4 17. dxe4 f4 18. Qa1 Ne5 19. Nd5 fxg3 20. fxg3 c6 21. Nf4 Kh7 22. Nd3 Bh3 23. Bg2 Rxf1+ 24. Bxf1 Bxf1 25. Kxf1 Qf8+ 26. Kg2 Nxc4 27. Bxg7 Qxg7 28. Qa7 b6 29. Qa8 Qf7 30. Nf2 Ne3+ 31. Kg1 Qc4 32. Qa7+ Kh6 33. Qa1 Kh7 34. Qa7+ Kg8 35. Qa8+ Kg7 36. Qa1+ Kf7 37. Qe1 Qd4 38. h4 Ng4 39. e3 Qxe3 40. Qxe3 Nxe3 41. Nd3 Nc2 42. Kf2 Nd4 43. Ke3 Nb5 44. Nb2 Ke6 45. Nc4 Nc3 46. Nxb6 Na2 47. b5 cxb5 48. Kd4 Nc1 49. Nd5 Ne2+ 50. Ke3 Nxg3 51. Nf4+ Kf6 52. Nd5+ Kf7 53. Kf4 Ne2+ 54. Ke3 Nc1 55. Nc3 b4 56. Na4 Nb3 57. Kd3 Nc5+ 58. Kc4 Nxa4 59. Kxb4 Nc5 60. Kc4 Nxe4 61. Kd5 g5 62. Kxe4 gxh4 0-1


[Site "https://www.chess.com"]

[Event "Titled Tuesday Blitz March 08 Early 2022"]
[White "Mkrtchyan, Mariam"]
[Black "Sanchez, Robert"]
[WhiteFideId "13310828"]
[BlackFideId "2034360"]
[WhiteElo "1984"]
[BlackElo "2255"]
[Result "1-0"]
[Round "04"]
[TimeControl "180+1"]
[Date "2022.03.09"]
[WhiteClock "0:02:19"]
[BlackClock "0:02:27"]

1. Nf3 d5 2. g3 e6 3. Bg2 Nf6 4. O-O Be7 5. c4 O-O 6. d4 c6 7. Nbd2 Nbd7 8. Qc2 b6 9. e4 dxe4 10. Nxe4 Bb7 11. Rd1 Nxe4 12. Qxe4 Nf6 13. Qe2 Qc8 14. Bf4 Rd8 15. Rac1 c5 16. d5 exd5 17. Qxe7 d4 18. Ng5 Bxg2 19. Qxf7+ Kh8 20. Kxg2 Qc6+ 21. Kg1 h6 22. Qe6 1-0


[Site "https://www.chess.com"]

[Event "Titled Tuesday Blitz March 08 Early 2022"]
[White "Mohammadian, Mohammad"]
[Black "Ezat, Mohamed"]
[WhiteFideId "12566055"]
[BlackFideId "10600906"]
[WhiteElo "1544"]
[BlackElo "2386"]
[Result "0-1"]
[Round "04"]
[TimeControl "180+1"]
[Date "2022.03.09"]
[WhiteClock "0:00:08"]
[BlackClock "0:01:07"]

1. e4 e5 2. Nf3 Nc6 3. Bb5 a6 4. Ba4 Nf6 5. O-O b5 6. Bb3 Be7 7. Re1 O-O 8. a4 Rb8 9. Nc3 b4 10. Nd5 d6 11. Nxe7+ Nxe7 12. d3 Ng6 13. Bg5 h6 14. Bxf6 Qxf6 15. h3 Nf4 16. Re3 Bxh3 17. gxh3 Qg6+ 18. Ng5 Qxg5+ 19. Rg3 Qf6 20. Qf3 g6 21. Kh2 Kg7 22. Rag1 c6 23. Bc4 a5 24. Bb3 Nh5 25. Qxh5 Qxf2+ 26. R1g2 Qf4 27. Qf3 g5 28. Qxf4 exf4 29. Rf3 f5 30. exf5 Rxf5 31. h4 Re8 32. hxg5 hxg5 33. Rgf2 Rf6 34. Kg2 Rh8 35. Kf1 d5 36. Ke2 Kg6 37. c3 Re6+ 38. Kd2 Rhe8 39. cxb4 axb4 40. Bc2 Re3 41. d4+ Kg7 42. Rxe3 fxe3+ 43. Ke2 exf2+ 44. Kxf2 b3 45. Bxb3 Rb8 46. Bd1 Rxb2+ 47. Ke3 Kf6 48. Bg4 Rb3+ 49. Kd2 Rb4 50. Bd7 Rxd4+ 51. Ke3 Re4+ 52. Kd3 c5 53. Bb5 g4 54. Kd2 g3 55. Bc6 g2 56. Bxd5 Rd4+ 57. Ke3 g1=Q+ 58. Kf3 Rd3+ 59. Ke4 Qe3# 0-1


[Site "https://www.chess.com"]

[Event "Titled Tuesday Blitz March 08 Early 2022"]
[White "Morefield, Jason"]
[Black "Kobalia, Mikhail"]
[WhiteFideId "30920825"]
[BlackFideId "4119150"]
[WhiteElo "2171"]
[BlackElo "2667"]
[Result "0-1"]
[Round "04"]
[TimeControl "180+1"]
[Date "2022.03.08"]
[WhiteClock "0:00:09"]
[BlackClock "0:00:10"]

1. d4 d5 2. c4 e6 3. Nf3 c6 4. e3 Nf6 5. Nc3 a6 6. b3 Bb4 7. Bd2 O-O 8. Bd3 Nbd7 9. O-O Bd6 10. e4 dxc4 11. bxc4 e5 12. c5 Bc7 13. h3 exd4 14. Na4 Re8 15. Qc2 h6 16. Rad1 Nf8 17. Qb2 Ne6 18. Rfe1 Nf4 19. Bxf4 Bxf4 20. Nb6 Rb8 21. e5 Nd5 22. Qxd4 Nxb6 23. Qxf4 Nd5 24. Qe4 f5 25. Qd4 Qe7 26. e6 Bxe6 27. Bxf5 Qf7 28. Bc2 Bf5 29. Ne5 Qf6 30. Bb3 Rbd8 31. f4 Kh8 32. Qf2 Bh7 33. Bxd5 cxd5 34. Qd4 Be4 35. Rf1 Rc8 36. Rc1 Re7 37. Rc3 Rec7 38. Rfc1 Kh7 39. Qd2 g5 40. Ng4 Qxf4 41. Qd4 Rf8 42. c6 bxc6 43. Qb6 h5 44. Ne3 c5 45. Rf1 Rf6 46. Qxf6 Qxf6 47. Rxf6 d4 48. Rc4 Kg7 49. Nf5+ Kxf6 50. Nxd4 Bd5 51. Rc1 Bxa2 52. Ne2 Be6 53. Nc3 Ke5 54. Re1+ Kd4 55. Ne2+ Kd3 56. Nc1+ Kd2 57. Rxe6 Kxc1 58. Rxa6 c4 59. Ra5 c3 60. Rxg5 c2 61. Rf5 Kd2 62. Rf2+ Ke3 63. Rf1 c1=Q 64. Rxc1 0-1


[Site "https://www.chess.com"]

[Event "Titled Tuesday Blitz March 08 Early 2022"]
[White "Msellek, Ilyass"]
[Black "Carre, Sylvain"]
[WhiteFideId "675938"]
[BlackFideId "642118"]
[WhiteElo "2219"]
[BlackElo "2105"]
[Result "0-1"]
[Round "04"]
[TimeControl "180+1"]
[Date "2022.03.09"]
[WhiteClock "0:00:31"]
[BlackClock "0:00:19"]

1. d4 d5 2. Nf3 c6 3. e3 Nf6 4. Bd3 Bg4 5. Nbd2 e6 6. h3 Bh5 7. b3 Bd6 8. Bb2 Nbd7 9. O-O O-O 10. g4 Bg6 11. Ne5 Bxd3 12. cxd3 c5 13. f4 cxd4 14. exd4 Ne8 15. Qe2 Rc8 16. Ndf3 f6 17. Nxd7 Qxd7 18. Nh4 Rc6 19. Rae1 Nc7 20. f5 Bg3 21. Ng2 Bxe1 22. Qxe1 Re8 23. Qg3 exf5 24. gxf5 Rc2 25. Ba3 Nb5 26. Bc5 b6 27. a4 Nc3 28. Nf4 bxc5 29. Kh1 Ne2 30. Qg4 Nxf4 31. Qxf4 Ree2 32. Rb1 Rh2+ 33. Kg1 Rcg2+ 34. Kf1 Rf2+ 35. Qxf2 Rxf2+ 36. Kxf2 Qxf5+ 37. Ke2 cxd4 38. Rc1 Qe6+ 39. Kd2 Qxh3 40. Kc2 Qc8+ 41. Kb2 Qb7 42. Ka3 a5 43. Ka2 h5 44. Rc5 h4 45. Rb5 Qe7 46. Rxa5 h3 47. Ra8+ Kh7 48. a5 h2 49. a6 h1=Q 50. Rc8 Qg2+ 51. Rc2 Qxc2+ 52. Ka1 Qe1# 0-1


[Site "https://www.chess.com"]

[Event "Titled Tuesday Blitz March 08 Early 2022"]
[White "Muradov, Soltan"]
[Black "Maevsky, Nikolay"]
[WhiteFideId "14002108"]
[BlackFideId "4198220"]
[WhiteElo "1854"]
[BlackElo "2126"]
[Result "0-1"]
[Round "04"]
[TimeControl "180+1"]
[Date "2022.03.09"]
[WhiteClock "0:00:16"]
[BlackClock "0:01:40"]

1. e4 g6 2. Nf3 Bg7 3. d4 d6 4. Nc3 a6 5. Be3 b5 6. Bd3 Bb7 7. Qd2 Nd7 8. d5 c5 9. dxc6 Bxc6 10. a3 Bb7 11. O-O Rc8 12. Bd4 Ngf6 13. Rfe1 O-O 14. Bf1 Re8 15. Rad1 Qc7 16. h3 Bc6 17. Qe3 e5 18. Qg5 h6 19. Qh4 exd4 20. Nxd4 Bb7 21. f3 Qb6 22. Kh1 Nh5 23. Nb3 Bf6 24. Qg4 Ne5 0-1


[Site "https://www.chess.com"]

[Event "Titled Tuesday Blitz March 08 Early 2022"]
[White "Murzin, Volodar"]
[Black "Rottenwohrer Suarez, Juan"]
[WhiteFideId "44155573"]
[BlackFideId "32068182"]
[WhiteElo "2585"]
[BlackElo "2158"]
[Result "1-0"]
[Round "04"]
[TimeControl "180+1"]
[Date "2022.03.09"]
[WhiteClock "0:00:14"]
[BlackClock "0:00:07"]

1. e4 c5 2. Nf3 d6 3. Bb5+ Bd7 4. Bxd7+ Nxd7 5. O-O Ngf6 6. Qe2 e6 7. c3 Be7 8. d4 O-O 9. Rd1 cxd4 10. cxd4 d5 11. e5 Ne4 12. Ne1 h6 13. f3 Ng5 14. Nc3 Rc8 15. h4 Nh7 16. g3 a6 17. f4 b5 18. Nf3 Nb6 19. Be3 Nc4 20. Bf2 Qa5 21. Rd3 Rc7 22. Be1 Bb4 23. a3 Bxc3 24. Bxc3 Qa4 25. Bb4 Nxb2 26. Qxb2 Rfc8 27. Bc5 Nf8 28. Qb4 Qc2 29. Rc3 Qe4 30. Re1 Qg6 31. Kf2 Nd7 32. Rec1 Qe4 33. Nd2 Qf5 34. Bd6 Rc4 35. Nxc4 dxc4 36. Qa5 Qh3 37. Qxa6 Qh2+ 38. Kf3 Re8 39. Qxb5 Rd8 40. Qxc4 1-0


[Site "https://www.chess.com"]

[Event "Titled Tuesday Blitz March 08 Early 2022"]
[White "Musovic, Armin"]
[Black "Van den Dikkenberg, Erik"]
[WhiteFideId "939935"]
[BlackFideId "1005880"]
[WhiteElo "2283"]
[BlackElo "2118"]
[Result "1-0"]
[Round "04"]
[TimeControl "180+1"]
[Date "2022.03.09"]
[WhiteClock "0:00:31"]
[BlackClock "0:00:02"]

1. a3 Nf6 2. Nc3 g6 3. e4 d6 4. d4 Bg7 5. Bg5 O-O 6. f4 c6 7. Nf3 Bg4 8. Be2 b5 9. O-O Nbd7 10. h3 Bxf3 11. Bxf3 Qb6 12. Kh2 a5 13. e5 b4 14. Na4 Qb5 15. c4 bxc3 16. Nxc3 Qxb2 17. Na4 Qb7 18. exf6 exf6 19. Bh4 d5 20. f5 gxf5 21. Bg3 f4 22. Bxf4 f5 23. Rb1 Qa6 24. Bd6 Rfe8 25. Nc5 Nxc5 26. Bxc5 Re3 27. Bh5 Rae8 28. Rxf5 Qc8 29. Bxf7+ Kh8 30. Qg4 R8e4 31. Qh5 Qc7+ 32. Kg1 Re1+ 33. Rxe1 Rxe1+ 34. Kf2 Re4 35. Bg6 Rf4+ 36. Kg1 h6 37. Rxf4 Qxf4 38. Qg4 Qe3+ 39. Kh2 Bf6 40. Bf5 Qg5 41. Qxg5 hxg5 42. Kg3 Kg7 43. Kg4 Kf7 44. a4 Kg7 45. g3 Kf7 46. Kh5 Kg7 47. h4 Kf7 48. hxg5 1-0


[Site "https://www.chess.com"]